 Dungeon Crawl Stone Soup version 0.29.1-13-g9f3cf754e1 (webtiles) character file.

Game seed: 12447458673519156762

473 javelincjr the Magician (level 7, -3/48 HPs)
             Began as a Djinni Fire Elementalist on Jan 31, 2023.
             Killed from afar by Blork the orc (9 damage)
             ... with a magic dart
             ... on level 4 of the Dungeon.
             The game lasted 00:14:18 (3930 turns).

javelincjr the Magician (Djinni Fire Elementalist)  Turns: 3930, Time: 00:14:18

Health: -3/48      AC:  6    Str:  9    XL:     7   Next: 32%
Gold:   130        EV: 12    Int: 17    God:
                   SH:  0    Dex: 13

rFire   + + .      SeeInvis .   n - +3 quarterstaff (chaos)
rCold   x . .      Faith    .   (shield currently unavailable)
rNeg    . . .      Spirit   .   a - +0 robe
rPois   ∞          Reflect  .   h - +2 hat
rElec   .          Harm     .   o - +1 cloak
rCorr   .          Rampage  .   (no gloves)
Will    .....                   (boots unavailable)
Stlth   ++........              (no amulet)
HPRegen 0.16/turn               (no ring)
MPRegen 0.00/turn               (no ring)

@: flying, hasted, very quick
A: sickness immunity, fire resistance 2, cold vulnerability 1, float, innate
caster, HP casting, extra vitality 1
a: no special abilities


You were on level 4 of the Dungeon.
You visited 1 branch of the dungeon, and saw 4 of its levels.

You collected 130 gold pieces.

Inventory:

Hand Weapons
 n - a +3 quarterstaff of chaos (weapon)
 q - a +1 vampiric dagger
 u - a +2 vampiric dagger
Missiles
 r - 8 poisoned darts
Armour
 a - a +0 robe (worn)
 h - a +2 hat (worn)
 o - a +1 cloak (worn)
Scrolls
 e - a scroll of blinking {unknown}
 g - 2 scrolls of immolation {unknown}
 i - 2 scrolls of teleportation
 j - 3 scrolls of noise {unknown}
 l - a scroll of fog {unknown}
 s - a scroll of enchant armour {unknown}
Potions
 b - 2 potions of degeneration {unknown}
 d - a potion of heal wounds {unknown}
 f - 2 potions of attraction {unknown}
 k - a potion of berserk rage {unknown}
 m - a potion of cancellation {unknown}
 p - a potion of brilliance {unknown}
 t - a potion of invisibility {unknown}
 v - a potion of mutation {unknown}


   Skills:
 + Level 1.6 Fighting
 + Level 1.4 Staves
 + Level 2.9 Dodging
 + Level 2.7 Stealth
 + Level 0.9 Unarmed Combat
 + Level 4.9 Spellcasting


You couldn't memorise any spells.
You knew the following spells:

 Your Spells              Type           Power      Damage    Failure   Level
a - Foxfire               Conj/Fire      84%        2x1d8     1%          1
b - Scorch                Fire           42%        2d7       2%          2
c - Conjure Flame         Conj/Fire      21%        6-21      5%          3
d - Inner Flame           Hex/Fire       21%        N/A       5%          3
e - Flame Wave            Conj/Fire      21%        2d8       19%         4
f - Summon Small Mammal   Summ           84%        N/A       1%          1
g - Wereblood             Tmut           21%        N/A       2%          2
h - Lesser Beckoning      Tloc           21%        N/A       5%          3
Your spell library was empty.

Dungeon Overview and Level Annotations

Branches:
Dungeon (4/15)
 Temple: D:4-7

Altars:
Ru
Wu Jian

Shops:
D:4 *

Annotations:
D:4 Blork the orc


Innate Abilities, Weirdness & Mutations

You are immune to sickness and miasma.
You are immune to poison.
Your flesh is very heat resistant. (rF++)
You are vulnerable to cold. (rC-)
You float through the air rather than walking.
You learn spells naturally, not from books.
Your magical power is your life essence.
You have superior vitality. (+4 MHP)


Message History

Casting: Inner Flame (dangerous; 6% risk of failure)
Confirm with . or Enter, or press ? or * to list all spells.
You conjure some foxfire!
Ijyb is no longer more vulnerable to fire.
Ijyb zaps a wand.
The puff of flame hits you. You resist.
The foxfire hits Ijyb.
Flame seeps out of Ijyb.
Ijyb is moderately wounded.
Ijyb is engulfed in blazing flames.
Flame seeps out of Ijyb.
The foxfire hits Ijyb.
Flame seeps out of Ijyb.
Ijyb is almost dead.
Unknown command.
Casting: Foxfire (safe; 1% risk of failure)
Confirm with . or Enter, or press ? or * to list all spells.
You conjure some foxfire!
Ijyb is engulfed in blazing flames.
Ijyb explodes!
You hear a shout!
The foxfire hits Blork the orc.
Blork the orc is lightly wounded.
Casting: Foxfire (safe; 1% risk of failure)
Confirm with . or Enter, or press ? or * to list all spells.
Flames lash Blork the orc.
Blork the orc is lightly wounded.
Blork the orc's fire resistance burns away.
The foxfire hits Blork the orc but does no damage.
Blork the orc is lightly wounded.
Casting: Scorch (safe; 2% risk of failure)
Confirm with . or Enter, or press ? or * to list all spells.
You conjure some foxfire!
Blork the orc points at you and mumbles some strange words.
The magic dart hits you!
* * * LOW HITPOINT WARNING * * *
The foxfire hits Blork the orc.
Blork the orc is burned terribly!
Blork the orc is moderately wounded.
The foxfire hits Blork the orc.
Blork the orc is moderately wounded.
Blork the orc is no longer more vulnerable to fire.
You feel yourself speed up. Blork the orc casts a spell at you.
The magic dart hits you!
You die...

#.###.# #.## #.....# #.#
#.# #.###.# #.# #.# #.# #.#
#.# #.# #.###.# #.# #.#
##....# ##.## #.#
##.#.###...## #.#
#.#.##.#.#.## #.#
#.#####.#.#.##@##.#######.#
#......#..........o.h.....#
#######.##..##.##.######..#
#....#.#.#.## #§.#####
####.##...## #..oh†h.
#.....## #.#####. ###.###
#.##.J.. #.# #....... #.#
##......


You could see Blork the orc (fast) and a jackal.

Vanquished Creatures
  Grinder (D:3)
  A necrophage (D:4)
  Crazy Yiuf (D:2)
  Ijyb (D:4)
  An orc wizard (D:4)
  Robin (D:2)
  4 adders
  3 dart slugs
  4 orcs
  4 ball pythons
  6 endoplasms
  4 giant cockroaches
  9 hobgoblins
  A jackal (D:4)
  6 quokkas
  3 bats
  2 frilled lizards
  13 goblins
  2 kobolds
  4 rats
71 creatures vanquished.

Vanquished Creatures (collateral kills)
  An endoplasm (D:2)
  A ball python (D:3)
2 creatures vanquished.

Vanquished Creatures (others)
  174 foxfires
174 creatures vanquished.

Grand Total: 247 creatures vanquished

Notes
Turn   | Place    | Note
-------+----------+-------------------------------------------
     0 | D:1      | javelincjr the Djinni Fire Elementalist began the quest for
                  | the Orb.
     0 | D:1      | javelincjr set off with the following spells memorised:
                  | Foxfire, Scorch, Conjure Flame, Inner Flame, Flame Wave.
     0 | D:1      | Reached XP level 1. HP: 15/15 MP: 0/0
   562 | D:1      | Reached XP level 2. HP: 16/21 MP: 0/0
  1122 | D:2      | Reached skill level 3 in Spellcasting
  1122 | D:2      | Reached XP level 3. HP: 21/25 MP: 0/0
  1122 | D:2      | Learned a level 1 spell: Summon Small Mammal
  1890 | D:2      | Found a runed translucent door.
  1891 | D:2      | Noticed Crazy Yiuf
  1897 | D:2      | Killed Crazy Yiuf
  1898 | D:2      | Reached XP level 4. HP: 10/31 MP: 0/0
  2126 | D:2      | Found an ornate altar of the Wu Jian Council.
  2154 | D:2      | Reached skill level 1 in Fighting
  2231 | D:2      | Noticed Robin
  2236 | D:2      | Killed Robin
  2524 | D:2      | Reached XP level 5. HP: 37/37 MP: 0/0
  2524 | D:2      | Learned a level 2 spell: Wereblood
  2955 | D:3      | Found a sacrificial altar of Ru.
  2962 | D:3      | Noticed Grinder
  2965 | D:3      | Paralysed by Grinder for 4 turns
  2975 | D:3      | Paralysed by Grinder for 3 turns
  2976 | D:3      | Killed Grinder
  2977 | D:3      | Reached skill level 4 in Spellcasting
  2977 | D:3      | Reached XP level 6. HP: 35/42 MP: 0/0
  3299 | D:3      | Reached skill level 1 in Staves
  3466 | D:4      | Reached XP level 7. HP: 41/47 MP: 0/0
  3466 | D:4      | Learned a level 3 spell: Lesser Beckoning
  3780 | D:4      | Found Ingeymepa's Neck Hole.
  3892 | D:4      | Noticed Ijyb
  3898 | D:4      | Noticed Blork the orc
  3916 | D:4      | Killed Ijyb
  3930 | D:4      | Killed from afar by Blork the orc

Illustrated notes

Levels and vault maps discovered:
D:1:      noname_arrival_rooms_in_the_neighbourhood, layout_loops_ring
D:2:      minmay_spotlight, layout_basic, basic_altar, uniq_robin,
          uniq_crazy_yiuf_cottage
D:3:      layout_basic, lemuel_crystal_altar, uniq_grinder
D:4:      layout_loops_ring, mainiacjoe_overflow_alcove_2,
          nicolae_shop_sticking_my_neck_out, uniq_ijyb, uniq_blork_the_orc

Skill      XL: |  1  2  3  4  5  6 |
---------------+-------------------+-----
Spellcasting   | 3 4 |  4.9
Fighting       | 1 |  1.6
Stealth        | 2 |  2.7
Staves         | 1 |  1.4
Dodging        | |  2.9
Unarmed Combat | |  0.9

Action                   |  1- 3 |  4- 6 |  7- 9 || total
-------------------------+-------+-------+-------++-------
Melee: Unarmed           |    31 |       |       ||    31
       Quarterstaff      |       |    14 |    13 ||    27
 Cast: Foxfire           |    45 |    43 |    14 ||   102
       Scorch            |     3 |     3 |     8 ||    14
       Summon Small Mamm |       |     5 |     1 ||     6
       Inner Flame       |       |       |     2 ||     2
       Conjure Flame     |       |       |     1 ||     1
  Use: Scroll            |     1 |       |       ||     1
       Potion            |       |       |     1 ||     1
 Stab: Sleeping          |     1 |       |       ||     1
Armor: Robe              |     7 |     1 |     9 ||    17
Dodge: Dodged            |    39 |     8 |       ||    47
